 Dungeon Crawl Stone Soup version 0.29.1-15-g9cfb28693d (webtiles) character file.

Game seed: 16549939212762529301

79 Gabide the Trooper (level 4, -1/50 HPs)
             Began as an Ogre Monk on Apr 16, 2023.
             Slain by a gnoll
             ... wielding a +0 club
              (8 damage)
             ... on level 1 of the Dungeon.
             The game lasted 00:02:07 (2195 turns).

Gabide the Trooper (Ogre Monk)                      Turns: 2195, Time: 00:02:07

Health: -1/50      AC:  3    Str: 17    XL:     4   Next: 37%
Magic:  4/4        EV: 10    Int: 11    God:
Gold:   127        SH:  0    Dex: 11    Spells: 3/3 levels left

rFire   . . .      SeeInvis .   a - +0 hand axe
rCold   . . .      Faith    .   (no shield)
rNeg    . . .      Spirit   .   b - +0 robe
rPois   .          Reflect  .   (helmet restricted)
rElec   .          Harm     .   (no cloak)
rCorr   .          Rampage  .   (gloves unavailable)
Will    .....                   (boots unavailable)
Stlth   ++........              (no amulet)
HPRegen 0.16/turn               (no ring)
MPRegen 0.09/turn               (no ring)

@: no status effects
A: large, unfitting armour, tough skin 1
a: no special abilities


You were on level 1 of the Dungeon.
You visited 1 branch of the dungeon, and saw 2 of its levels.

You collected 127 gold pieces.

Inventory:

Hand Weapons
 a - a +0 hand axe (weapon)
Armour
 b - a +0 robe (worn)
Jewellery
 f - a ring of protection from fire
Scrolls
 d - 2 scrolls of teleportation
Potions
 c - a potion of ambrosia


   Skills:
 + Level 5.0 Fighting
 + Level 3.7 Axes
 + Level 3.4 Dodging
 - Level 1.4 Stealth


You had 3 spell levels left.
You didn't know any spells.
Your spell library was empty.

Dungeon Overview and Level Annotations

Branches:
Dungeon (2/15)

Altars:

Annotations:
D:2 exclusion: 2 gnolls


Innate Abilities, Weirdness & Mutations

You are too large for most types of armour.
You have tough skin. (AC +1)


Message History

You kill the gnoll!
You hit the gnoll but do no damage. The gnoll hits you with a +0 club.
Your Fighting skill increases to level 5!
You are too injured to fight recklessly!
You are too injured to fight recklessly!
You are too injured to fight recklessly!
You are too injured to fight recklessly!
You are too injured to fight recklessly!
You are too injured to fight recklessly!
You are too injured to fight recklessly!
You are too injured to fight recklessly!
You are too injured to fight recklessly!
You are too injured to fight recklessly!
You are too injured to fight recklessly!
You are too injured to fight recklessly!
You are too injured to fight recklessly!
You are too injured to fight recklessly!
You are too injured to fight recklessly!
You are too injured to fight recklessly!
You climb upwards.
There is a stone staircase leading down here.
You hit the gnoll.
The gnoll is moderately wounded.
The gnoll hits you with a +0 club!
You hit the gnoll but do no damage.
The gnoll is moderately wounded.
The gnoll hits you with a +0 club.
* * * LOW HITPOINT WARNING * * *
You hit the gnoll but do no damage.
The gnoll is moderately wounded.
The gnoll hits you with a +0 club.
* * * LOW HITPOINT WARNING * * *
You hit the gnoll.
The gnoll is severely wounded.
The gnoll hits you with a +0 club.
* * * LOW HITPOINT WARNING * * *
You closely miss the gnoll.
The gnoll is severely wounded.
The gnoll hits you with a +0 club!
You die...

..# ##.....#..## #.# #.####) #.#
###..###....# #### #.# #..
..####...###..##.####.#####.# #.†
####...#...#####......##....###..
.......###..........#.#.....##..[
........##########..#.#.....##...
....................#.#..........
........########....#.#.......###
[.......# #>..@...#.#####..##
........# #..g....#.....#..#
.......## #.......#####.#..#
......## ##########..#.####
#.##### #.##.# #..# #....# ##.#
###### ...# ####


You could see a gnoll.

Vanquished Creatures
  3 gnolls
  An adder (D:2)
  2 dart slugs (D:1)
  A ball python (D:2)
  3 bats (D:1)
  An endoplasm (D:1)
  4 goblins (D:1)
  8 hobgoblins
  2 jackals (D:1)
  2 kobolds (D:1)
  A quokka (D:1)
  2 frilled lizards
  4 rats (D:1)
34 creatures vanquished.

Notes
Turn   | Place    | Note
-------+----------+-------------------------------------------
     0 | D:1      | Gabide the Ogre Monk began the quest for the Orb.
     0 | D:1      | Reached XP level 1. HP: 24/24 MP: 1/1
   192 | D:1      | Reached XP level 2. HP: 32/32 MP: 2/2
   677 | D:1      | Reached XP level 3. HP: 18/40 MP: 3/3
  1666 | D:2      | Reached XP level 4. HP: 5/49 MP: 4/4
  2189 | D:2      | Reached skill level 5 in Fighting
  2195 | D:1      | Slain by a gnoll

Illustrated notes

Levels and vault maps discovered:
D:1:      zelgadis_glass_arrival_small, layout_rooms, serial_co_window_serial,
          co_window_corner_a, co_window_paths_a, co_window_corner_a,
          co_window_paths_a, co_window_corner_a, co_window_paths_a,
          co_window_paths_a, co_window_corner_a, co_window_paths_b,
          co_window_cross_4, co_window_corner_b, co_window_broadway_c,
          co_window_paths_d, glass_columns_a, glass_columns_a, glass_columns_b,
          glass_columns_a
D:2:      layout_loops_cross, chequers_ecumenical_altar_simple_redux,
          uniq_robin, uniq_terence

Skill      XL: |  1  2  3  4 |
---------------+-------------+-----
Dodging        | 3 |  3.4
Fighting       | 5 |  5.0
Axes           | |  3.7
Stealth        | |  1.4

Action                   |  1- 3 |  4- 6 || total
-------------------------+-------+-------++-------
Melee: Hand axe          |   114 |    18 ||   132
  Use: Scroll            |     3 |       ||     3
 Stab: Sleeping          |     3 |       ||     3
Armor: Robe              |    40 |     1 ||    41
Dodge: Dodged            |    63 |     7 ||    70
